 Dungeon Crawl Stone Soup version 0.31-a0-986-g5e6e4ef867 (webtiles) character file.

Game seed: 7245418994057821799

240 lunkers the Insei (level 6, -1/47 HPs)
             Began as a Meteoran Shapeshifter on Nov 7, 2023.
             Slain by a gnoll
             ... wielding a +0 whip of electrocution
              (2 damage)
             ... on level 3 of the Dungeon.
             The game lasted 00:02:32 (778 turns).

lunkers the Insei (Meteoran Shapeshifter)            Turns: 778, Time: 00:02:33

Health: -1/47      AC:  2    Str: 16    XL:     6   Next: 56%
Magic:  7/7        EV: 12    Int: 11    God:
Gold:   54         SH:  0    Dex: 16    Spells: 5/5 levels left

rFire   . .          .
                       - Unarmed
rCold   . . .        (no shield)
rNeg    . . .        a - +0 animal skin
rPois   .            (helmet currently unavailable)
rElec   .            (cloak currently unavailable)
rCorr   .            (gloves currently unavailable)
SInv    .            (boots currently unavailable)
Will    .....        (no amulet)
Stlth   +            (no ring)
HPRegen 0.27/turn    (no ring)
MPRegen 0.10/turn

%: no passive effects
@: beast-form, glowing
A: beast (slay +2), sense surroundings 1, otherworldly, glowing, explore regen
a: Begin Untransformation


You were on level 3 of the Dungeon.
You were a hulking beast.
You visited 1 branch of the dungeon, and saw 3 of its levels.

You collected 54 gold pieces.

Inventory:

Armour
 a - a +0 animal skin (worn)
Jewellery
 e - an amulet of faith
Talismans
 c - a beast talisman
 d - a flux talisman
Wands
 b - a wand of flame (20)
Scrolls
 g - a scroll of identify {unknown}
 h - a scroll of revelation {unknown}
 j - a scroll of torment {unknown}
 m - a scroll of noise {unknown}
 n - a scroll of teleportation {unknown}
Potions
 f - a potion of enlightenment {unknown}
 i - a potion of might {unknown}
 k - a potion of invisibility {unknown}
 l - 2 potions of degeneration {unknown}


   Skills:
 - Level 1.1 Fighting
 - Level 2.1 Dodging
 * Level 6.8 Unarmed Combat
 + Level 5.1 Shapeshifting


You had 5 spell levels left.
You didn't know any spells.
Your spell library was empty.

Dungeon Overview and Level Annotations

Branches:
Dungeon (3/15) Zot: 1032

Altars:


Innate Abilities, Weirdness & Mutations

You are a hulking beast.
Your limbs bulge with bestial killing power. (Slay +2)
You passively map a small area around you.
You are easily found by Zot.
You glow in the dark.
You regain HP and MP as you explore.


Message History

You punch the gnoll!
The gnoll is severely wounded.
The gnoll hits you with a +0 club! The gnoll completely misses you.
The gnoll misses you.
You hit the gnoll.
The gnoll is almost dead.
You hit the gnoll.
You kill the gnoll!
The gnoll barely misses you.
The gnoll hits you with a +0 whip of electrocution!
You punch the gnoll!
The gnoll is severely wounded.
The gnoll hits you with a +0 whip of electrocution.
* * * LOW HITPOINT WARNING * * *
The gnoll barely misses you.
You barely miss the gnoll. The gnoll hits you with a +0 club.
* * * LOW HITPOINT WARNING * * *
The gnoll closely misses you.
Unknown command.
You hit the gnoll.
The gnoll is lightly wounded.
The gnoll hits you with a +0 club.
* * * LOW HITPOINT WARNING * * *
The gnoll hits you with a +0 whip of electrocution.
* * * LOW HITPOINT WARNING * * *
You are electrocuted!
* * * LOW HITPOINT WARNING * * *
Okay, then.
Okay, then.
You hit the gnoll.
You kill the gnoll!
The gnoll misses you.
You closely miss the gnoll.
The gnoll is lightly wounded.
The gnoll hits you with a +0 whip of electrocution.
* * * LOW HITPOINT WARNING * * *
You punch the gnoll!
The gnoll is almost dead.
The gnoll hits you with a +0 whip of electrocution.
You die...

...#...##.# *
####...##.# #..
#....#.####..#
#............# *
,
#...#..#####.###
######..........
*
##...###.######
##......).<..#
#..###h##.#, * ,
#.....>g..#,
#......#..#,* *
#......#..#
#......# ...
#......#,#...
#....... ..## *
#>.###.#. ## #..
.#.#


You could see a gnoll.

Vanquished Creatures
  Sigmund (D:3)
  2 gnolls (D:3)
  3 adders (D:2)
  A dart slug (D:1)
  5 ball pythons
  2 bats (D:2)
  4 endoplasms
  A goblin (D:2)
  3 hobgoblins
  4 jackals (D:3)
  7 kobolds
  3 quokkas
  3 frilled lizards
  4 rats
43 creatures vanquished.

Notes
Turn   | Place    | Note
-------+----------+-------------------------------------------
     0 | D:1      | lunkers the Meteoran Shapeshifter began the quest for the
                  | Orb.
     0 | D:1      | Reached XP level 1. HP: 16/16 MP: 2/2
    42 | D:1      | Reached skill level 4 in Unarmed Combat
    42 | D:1      | Reached XP level 2. HP: 15/23 MP: 3/3
   149 | D:2      | Reached XP level 3. HP: 26/28 MP: 4/4
   270 | D:2      | Reached XP level 4. HP: 31/35 MP: 5/5
   357 | D:2      | Reached skill level 5 in Unarmed Combat
   491 | D:3      | Noticed Sigmund
   507 | D:3      | Killed Sigmund
   508 | D:3      | Reached skill level 6 in Unarmed Combat
   508 | D:3      | Reached skill level 5 in Shapeshifting
   508 | D:3      | Reached XP level 5. HP: 7/40 MP: 6/6
   508 | D:3      | Reached XP level 6. HP: 8/47 MP: 7/7
   777 | D:3      | HP: 1/47 [gnoll/+0 whip of electrocution (5)]
   778 | D:3      | Slain by a gnoll

Illustrated notes

Levels and vault maps discovered:
D:1:      saegor_arrival_fortress, layout_basic
D:2:      minmay_skewed_foursquare, layout_rooms, minmay_hedge_maze,
          kennysheep_decorative_pillar
D:3:      layout_basic, nicolae_overflow_two_pavilions, serial_corexii_hall,
          corexii_hall_statues_s, chequers_hall_statues_y,
          gammafunk_ghost_mausoleum, uniq_sigmund, uniq_crazy_yiuf_cottage

Skill      XL: |  1  2  3  4 |
---------------+-------------+-----
Unarmed Combat | 4 6 |  6.8
Shapeshifting  | 4 5 |  5.1
Fighting       | |  1.1
Dodging        | |  2.1

Action                     |  1- 3 |  4- 6 || total
---------------------------+-------+-------++-------
  Melee: Unarmed           |    51 |    59 ||   110
         Punch             |     2 |     1 ||     3
    Use: Potion            |       |     1 ||     1
 Armour: Animal skin       |    23 |    29 ||    52
         Skin              |       |    17 ||    17
  Dodge: Dodged            |    24 |    29 ||    53

Table legend: (Time is in decaauts)
 A = Elapsed time spent in this place.
 B = Non-inter-level travel time spent in this place.
 C = Inter-level travel time spent in this place.
 D = Time resting spent in this place.
 E = Time spent auto-exploring this place.
 F = Levels seen in this place.
 G = Mean time per level.
                   A        B        C        D        E       F      G
               +--------+--------+--------+--------+--------+-----+--------+
         Total |    766 |    766 |      0 |    108 |    406 |   3 |  255.3 |
       Dungeon |    766 |    766 |      0 |    108 |    406 |   3 |  255.3 |
               +--------+--------+--------+--------+--------+-----+--------+

Top non-repeatable levels by time:
     D:2: 377 daAuts
     D:3: 281 daAuts
     D:1: 107 daAuts
